 Dungeon Sprint DCSS version 0.31-a0-799-g6bc09d010c (webtiles) character file.

Game seed: 4182492844906691929

10544 sircluck the Brawler (level 11, -8/190 HPs)
             Began as a Troll Berserker on Sept 19, 2023.
             Was the Champion of Trog.
             Mangled by Rupert
             ... wielding a +0 great mace of protection
              (45 damage)
             ... in the Dungeon (Sprint III: "The Ten Rune Challenge").
             The game lasted 00:03:18 (1077 turns).

sircluck the Brawler (Troll Berserker)              Turns: 1077, Time: 00:03:19

Health: -8/190     AC:  8    Str: 31    XL:     11   Next: 37%
Magic:  10/10      EV: 13    Int:  3    God:    Trog [******]
Gold:   44         SH:  0    Dex:  9    Spells: 10/10 levels left

rFire   . .          .
                       - Unarmed
rCold   . . .        (no shield)
rNeg    . . .        o - +1 troll leather armour {Snorg}
rPois   .            p - +1 hat
rElec   .            (no cloak)
rCorr   .            (gloves unavailable)
SInv    .            (boots unavailable)
Will    .....        (no amulet) Stlth
                     (no ring)
HPRegen 2.11/turn    (no ring)
MPRegen 0.12/turn

%: no teleportation
@: berserking, very quick
A: large, unfitting armour, claws 3, regeneration 1, shaggy fur 1, tough skin 1
a: Renounce Religion, Berserk, Trog's Hand, Brothers in Arms


You were in the Dungeon.
You worshipped Trog.
Trog was exalted by your worship.
You visited 1 branch You collected 44 gold pieces.

Inventory:

Armour
 a - a +0 animal skin
 o - a +1 troll leather armour (worn) {Snorg}
 p - a +1 hat (worn)
Scrolls
 g - 4 scrolls of blinking
 h - a scroll of revelation {unknown}
 j - 2 scrolls of poison {unknown}
 l - 3 scrolls of identify
Potions
 b - 2 potions of curing
 c - 2 potions of heal wounds
 d - a potion of haste
 e - 2 potions of magic
 f - a potion of berserk rage
 i - 3 potions of mutation {unknown}
 k - 4 potions of enlightenment
 m - a potion of lignification {unknown}
 q - a potion of brilliance {unknown}
Miscellaneous
 n - a tin of tremorstones (2/2)


   Skills:
 + Level 13.4 Fighting
 + Level 8.7 Armour
 + Level 13.3 Dodging
 + Level 15.7 Unarmed Combat


You had 10 spell levels left.
You didn't know any spells.
Your spell library was empty.

Dungeon Overview and Level Annotations

Branches:
Dungeon (1/1)

Altars:
Cheibriados
Dithmenos
Elyvilon
Fedhas
Gozag
Hepliaklqana
Kikubaaqudgha
Makhleb
Nemelex Xobeh
Okawaru
Qazlal
Ru
Sif Muna
Trog
Uskayaw
Vehumet
Wu Jian
Xom
Yredelemnul
Zin
The Shining One
Jiyva
Lugonu

Annotations:
D Rupert


Innate Abilities, Weirdness & Mutations

You are too large for most types of armour.
You have claws for hands.
Your natural rate of healing is unusually fast.
You are covered in fur. (AC +1)
You have tough skin. (AC +1)


Message History

Rupert roars wildly at you.
You are more confused.
You bump into the rock wall.
You bump into the rock wall.
There is an open door here.
You feel better.
Your cyclops goes berserk!
Rupert yells loudly at you.
You barely resist.
You swap places.
Rupert roars madly and goes into a rage!
Rupert goes berserk!
Your cyclops hits Rupert!!
Rupert hits your cyclops with a +0 great mace of protection!!
Your cyclops hits Rupert!!
Rupert hits your cyclops with a +0 great mace of protection!!
Rupert barely misses your cyclops.
Your cyclops closely misses Rupert.
Rupert hits your cyclops with a +0 great mace of protection!!
Your cyclops dies!
Your cyclops's corpse disappears in a puff of smoke!
Rupert hits you with a +0 great mace of protection!!!
A red film seems to cover your vision as you go berserk!
You feel yourself moving faster!
You feel mighty!
Rupert hits you with a +0 great mace of protection!!!
You barely miss Rupert.
Rupert is moderately wounded.
Rupert hits you with a +0 great mace of protection!!!
You barely miss Rupert. Your claw misses Rupert.
Rupert is moderately wounded.
Rupert hits you with a +0 great mace of protection!!
* * * LOW HITPOINT WARNING * * *
You eviscerate Rupert!!!
Rupert is heavily wounded.
You mangle Rupert!!
Rupert is heavily wounded.
Rupert closely misses you.
You claw Rupert!
Rupert is severely wounded.
Rupert hits you with a +0 great mace of protection!!!
You die...
Rupert roars with triumph.

▓.................#_
▓▓▓▓▓▓▓▓▓▓▓▓▓▓▓▓▓▓▓▓
▓...†≈≈≈≈.≈~~≈♣♣...
▓...#†~§§≈§~~~♣♣.≈≈
▓...#≈~≈.§§≈≈~~'...
▓...#≈)~§§§≈≈.♣♣♣♣♣
▓...#~≈≈~~.~~.♣
▓##'####+######
▓.@@.........
▓#+########## .JJ#
▓...+ ▓...# ▓...#
#+###


You could see Rupert (berserk) and an azure jelly.

Vanquished Creatures
  A dire elephant (D)
  Snorg (D)
  A centaur warrior (D)
  A deep elf pyromancer (D)
  An elephant (D)
  2 cane toads (D)
  An unseen horror (D)
  A rime drake (D)
  A komodo dragon (D)
  3 wandering mushrooms (D)
  5 blink frogs (D)
  A shadow (D)
  A spatial vortex (D)
  A swamp drake (D)
  2 centaurs (D)
  An earth elemental (D)
  A necrophage (D)
  A water elemental (D)
  A scorpion (D)
  9 killer bees (D)
  A jelly (D)
  A wizard (D)
  A necromancer (D)
  3 humans (D)
  A kobold demonologist (D)
  4 rats (D)
47 creatures vanquished.

Vanquished Creatures (collateral kills)
  Gastronok (D)
  A dire elephant (D)
  An elephant (D)
  A queen bee (D)
  23 killer bees (D)
27 creatures vanquished.

Grand Total: 74 creatures vanquished

Notes
Turn   | Place    | Note
-------+----------+-------------------------------------------
     0 | D        | sircluck the Troll Berserker began the quest for the Orb.
     0 | D        | Reached XP level 1. HP: 22/22 MP: 0/0
    15 | D        | Reached ** piety under Trog
    49 | D        | Reached skill level 4 in Unarmed Combat
    49 | D        | Reached XP level 2. HP: 25/31 MP: 1/1
    55 | D        | Noticed a scorpion
    66 | D        | Killed a scorpion
    67 | D        | Reached skill level 5 in Unarmed Combat
    67 | D        | Reached XP level 3. HP: 24/40 MP: 2/2
    67 | D        | Reached XP level 4. HP: 30/49 MP: 3/3
   122 | D        | Noticed a water elemental
   126 | D        | Killed a water elemental
   126 | D        | Reached *** piety under Trog
   127 | D        | Reached skill level 5 in Fighting
   127 | D        | Reached skill level 5 in Dodging
   127 | D        | Reached skill level 6 in Unarmed Combat
   127 | D        | Reached XP level 5. HP: 57/57 MP: 4/4
   317 | D        | Found a radiant altar of Vehumet.
   317 | D        | Found a shimmering blue altar of Sif Muna.
   317 | D        | Found an ancient bone altar of Kikubaaqudgha.
   324 | D        | Noticed a ynoxinul
   328 | D        | Noticed an orange demon
   340 | D        | Reached skill level 7 in Unarmed Combat
   385 | D        | Found a glowing silver altar of Zin.
   385 | D        | Found a glowing golden altar of the Shining One.
   385 | D        | Found a white marble altar of Elyvilon.
   492 | D        | Noticed a deep elf pyromancer
   496 | D        | Killed a deep elf pyromancer
   496 | D        | Reached **** piety under Trog
   497 | D        | Reached skill level 9 in Unarmed Combat
   497 | D        | Reached XP level 6. HP: 63/72 MP: 5/5
   497 | D        | Reached XP level 7. HP: 70/80 MP: 6/6
   511 | D        | Found a basalt altar of Yredelemnul.
   511 | D        | Found a shadowy altar of Dithmenos.
   511 | D        | Found a sacrificial altar of Ru.
   522 | D        | Noticed a shadow
   524 | D        | Killed a shadow
   524 | D        | Reached ***** piety under Trog
   525 | D        | Reached skill level 10 in Unarmed Combat
   533 | D        | Found a blossoming altar of Fedhas.
   533 | D        | Found a stormy altar of Qazlal.
   533 | D        | Found a snail-covered altar of Cheibriados.
   533 | D        | Found a burning altar of Makhleb.
   533 | D        | Found a shimmering altar of Xom.
   533 | D        | Noticed a spatial vortex
   534 | D        | Found a hazy altar of Hepliaklqana.
   534 | D        | Found an opulent altar of Gozag.
   534 | D        | Found a sparkling altar of Nemelex Xobeh.
   534 | D        | Found a corrupted altar of Lugonu.
   534 | D        | Found a viscous altar of Jiyva.
   540 | D        | Killed a spatial vortex
   541 | D        | Reached XP level 8. HP: 92/92 MP: 7/7
   559 | D        | Found a hide-covered altar of Uskayaw.
   559 | D        | Found an iron altar of Okawaru.
   559 | D        | Found a bloodstained altar of Trog.
   559 | D        | Found an ornate altar of the Wu Jian Council.
   573 | D        | Reached skill level 11 in Unarmed Combat
   625 | D        | Noticed Snorg
   632 | D        | Killed Snorg
   633 | D        | Reached skill level 10 in Fighting
   633 | D        | Reached skill level 10 in Dodging
   633 | D        | Reached skill level 12 in Unarmed Combat
   680 | D        | Reached XP level 9. HP: 102/102 MP: 8/8
   684 | D        | Noticed a centaur warrior
   694 | D        | Killed a centaur warrior
   699 | D        | Reached ****** piety under Trog
   699 | D        | Received a gift from Trog
   737 | D        | Noticed a queen bee
   746 | D        | Reached skill level 13 in Unarmed Combat
   747 | D        | Received a gift from Trog
   759 | D        | Killed a queen bee
   769 | D        | Received a gift from Trog
   770 | D        | Reached XP level 10. HP: 114/114 MP: 9/9
   780 | D        | Reached skill level 5 in Armour
   786 | D        | Received a gift from Trog
   887 | D        | Reached skill level 14 in Unarmed Combat
   896 | D        | Noticed a cane toad
   896 | D        | Noticed a cane toad
   899 | D        | Killed a cane toad
   899 | D        | Identified the +0 glaive "Itsuhy" {antimagic, Str+4} (Trog
                  | gifted it to you in the Dungeon)
   899 | D        | Received a gift from Trog
   904 | D        | Killed a cane toad
   956 | D        | Received a gift from Trog
   964 | D        | Noticed an elephant
   964 | D        | Noticed an elephant
   967 | D        | Killed an elephant
   968 | D        | Reached XP level 11. HP: 116/126 MP: 10/10
   969 | D        | Noticed a dire elephant
   969 | D        | Noticed a dire elephant
   969 | D        | Noticed Gastronok
   974 | D        | Reached skill level 15 in Unarmed Combat
   977 | D        | Killed a dire elephant
   981 | D        | Killed a dire elephant
   983 | D        | HP: 3/127 [Gastronok/the air (37)]
   985 | D        | Killed Gastronok
   985 | D        | Received a gift from Trog
  1052 | D        | Noticed an azure jelly
  1052 | D        | Noticed an azure jelly
  1052 | D        | Noticed an azure jelly
  1053 | D        | Noticed an azure jelly
  1056 | D        | Noticed Rupert
  1077 | D        | Mangled by Rupert

Illustrated notes

Levels and vault maps discovered:
D:        dungeon_sprint_mu [sprint_mu_entry_forest, sprint_mu_temple_rooms,
          sprint_mu_d1_horrors, sprint_mu_d2_genie, sprint_mu_d3_branching,
          sprint_mu_orc_legion, sprint_mu_elf_gauntlet, sprint_mu_hive_nellie,
          sprint_mu_lair_fedhas, sprint_mu_vaults_butterflies,
          sprint_mu_slime_circle, sprint_mu_shoals_kraken,
          sprint_mu_snake_twists, sprint_mu_blade_basic,
          sprint_mu_crypt_fortress, sprint_mu_tomb_spiral,
          sprint_mu_vestibule_basic, sprint_mu_gehenna_hellfire,
          sprint_mu_dis_giant, sprint_mu_tartarus_statrot,
          sprint_mu_cocytus_islands, sprint_mu_zot1]

Skill      XL: |  1  2  3  4  5  6  7  8  9 10 11 |
---------------+----------------------------------+-----
Fighting       | 3 4 5 8 9 10 11 12 13 | 13.4
Dodging        | 3 4 5 8 10 11 12 13 | 13.3
Unarmed Combat | 4 5 6 9 10 12 13 14 15 | 15.7
Armour         | 4 7 8 |  8.7

Action                     |  1- 3 |  4- 6 |  7- 9 | 10-12 || total
---------------------------+-------+-------+-------+-------++-------
  Melee: Unarmed           |    28 |    29 |    52 |    79 ||   188
         Punch             |     1 |       |       |     5 ||     6
 Invoke: Berserk           |       |     1 |       |     2 ||     3
         Brothers in Arms  |       |       |     1 |     2 ||     3
    Use: Potion            |       |       |       |     1 ||     1
 Armour: Animal skin       |    14 |    21 |    20 |       ||    55
         Troll leather arm |       |       |    46 |    42 ||    88
  Dodge: Dodged            |    11 |    30 |    51 |    42 ||   134

Table legend: (Time is in decaauts)
 A = Elapsed time spent in this place.
 B = Non-inter-level travel time spent in this place.
 C = Inter-level travel time spent in this place.
 D = Time resting spent in this place.
 E = Time spent auto-exploring this place.
 F = Levels seen in this place.
 G = Mean time per level.
                   A        B        C        D        E       F      G
               +--------+--------+--------+--------+--------+-----+--------+
         Total |   1057 |   1025 |     32 |    429 |    204 |   1 | 1057.0 |
       Dungeon |   1057 |   1025 |     32 |    429 |    204 |   1 | 1057.0 |
               +--------+--------+--------+--------+--------+-----+--------+

Top non-repeatable levels by time:
       D: 1057 daAuts
